[ AOE2 MATCH · #478277665 ]
UnrankedMagyars vs Incas
[ REPLAY ANALYSIS · EXTRACTED FROM THE RECORDED GAME ]
Feudal
8:27
Castle
—
Imperial
—
| APM avg | 66.3 |
| APM peak | 121 |
| eAPM avg | 22.2 |
| Villagers / military | 48 / 25 |
Focus
⚔️ 31.7% · 🌾 68.3%
Scout Cavalry ×25
Feudal
8:51
Castle
—
Imperial
—
| APM avg | 37.8 |
| APM peak | 88 |
| eAPM avg | 16.9 |
| Villagers / military | 44 / 30 |
Focus
⚔️ 32.7% · 🌾 67.3%
Archer ×30
Feudal
8:26
Castle
—
Imperial
—
| APM avg | 61.8 |
| APM peak | 104 |
| eAPM avg | 23.8 |
| Villagers / military | 42 / 12 |
Focus
⚔️ 34.0% · 🌾 66.0%
Scout Cavalry ×11 · Spearman ×1
Feudal
8:52
Castle
—
Imperial
—
| APM avg | 82.2 |
| APM peak | 133 |
| eAPM avg | 37.8 |
| Villagers / military | 46 / 18 |
Focus
⚔️ 74.8% · 🌾 25.2%
Scout Cavalry ×18
Feudal
9:02
Castle
20:50
Imperial
—
| APM avg | 41.3 |
| APM peak | 81 |
| eAPM avg | 18.2 |
| Villagers / military | 41 / 14 |
Focus
⚔️ 30.8% · 🌾 69.2%
Scout Cavalry ×12 · Knight ×2
Feudal
10:06
Castle
13:40
Imperial
—
| APM avg | 56.1 |
| APM peak | 76 |
| eAPM avg | 22.6 |
| Villagers / military | 47 / 0 |
Focus
⚔️ 30.9% · 🌾 69.1%
Unknown (2550) ×9 · Unknown (2586) ×1
Feudal
9:02
Castle
21:11
Imperial
—
| APM avg | 32.0 |
| APM peak | 58 |
| eAPM avg | 15.4 |
| Villagers / military | 39 / 28 |
Focus
⚔️ 40.2% · 🌾 59.8%
Archer ×28
Feudal
8:51
Castle
—
Imperial
—
| APM avg | 60.2 |
| APM peak | 104 |
| eAPM avg | 22.1 |
| Villagers / military | 51 / 37 |
Focus
⚔️ 32.7% · 🌾 67.3%
Archer ×37
Match map
Initial resources + every placement click. Lines = walls · curves = elevation contours. ◆ gold · ⬟ stone · ● berries · ✦ relic · ◌ wall gap
Your base· Open — 6t gap
CORP_ALASTOR's base· Open — 6t gap
CoquiTony's base· ✓ Closed at 19:43 · 38t walls · 1 gate(s)
Miguel T's base· Open — 2t gap
CORP_EuSanAoE's base· ✓ Closed at 20:50 · 72t walls · 1 gate(s)
LE | WilliamS's base· Open — unwalled flank
NHL's base· ✓ Closed at 21:11 · 45t walls · no gate
CORP_ Zata's base· ✓ Closed at 19:42 · 34t walls · 1 gate(s)
Smoothed initial terrain · ◌ = detected wall gap · hover for details
Inputs per minute
— tripl3 - - CORP_ALASTOR
Build order — tripl3
First 150 of 154 actions detected
| 0:00 | Create | Villager (Male) |
| 0:01 | Create | Villager (Male) |
| 0:02 | Build | House |
| 0:04 | Build | House |
| 0:10 | Create | Villager (Male) |
| 0:11 | Create | Villager (Male) |
| 1:27 | Create | Villager (Male) |
| 1:50 | Build | Lumber Camp |
| 1:57 | Create | Villager (Male) |
| 2:19 | Create | Villager (Male) |
| 2:48 | Create | Villager (Male) |
| 3:03 | Create | Villager (Male) |
| 3:34 | Build | House |
| 3:45 | Create | Villager (Male) |
| 4:05 | Create | Villager (Male) |
| 4:18 | Create | Villager (Male) |
| 5:01 | Create | Villager (Male) |
| 5:15 | Build | Mill |
| 5:17 | Create | Villager (Male) |
| 5:41 | Research | Loom |
| 6:12 | Research | Feudal Age |
| 7:46 | Build | Barracks |
| 8:03 | Create | Villager (Male) |
| 8:09 | Create | Villager (Male) |
| 8:16 | Create | Villager (Male) |
| 8:16 | Create | Villager (Male) |
| 8:27 | Age | Feudal Age |
| 8:44 | Create | Villager (Male) |
| 8:48 | Build | Stable |
| 9:17 | Build | House |
| 9:20 | Build | House |
| 9:21 | Create | Villager (Male) |
| 9:27 | Build | House |
| 9:31 | Build | Farm |
| 9:31 | Build | Farm |
| 9:31 | Build | Farm |
| 9:49 | Create | Scout Cavalry |
| 9:49 | Create | Scout Cavalry |
| 9:57 | Create | Villager (Male) |
| 10:03 | Build | Palisade Wall |
| 10:06 | Build | Farm |
| 10:19 | Build | Palisade Wall |
| 10:19 | Build | Palisade Wall |
| 10:22 | Build | Farm |
| 10:22 | Create | Villager (Male) |
| 10:38 | Build | House |
| 10:40 | Build | Palisade Wall |
| 10:55 | Create | Villager (Male) |
| 11:08 | Build | Palisade Wall |
| 11:14 | Build | Farm |
| 11:17 | Create | Villager (Male) |
| 11:19 | Build | House |
| 11:22 | Build | Palisade Wall |
| 11:43 | Build | House |
| 11:44 | Build | Farm |
| 11:45 | Create | Villager (Male) |
| 11:46 | Build | Farm |
| 11:47 | Build | Farm |
| 11:47 | Build | Farm |
| 11:47 | Build | Farm |
| 11:47 | Build | Farm |
| 12:05 | Create | Villager (Male) |
| 12:24 | Build | House |
| 12:28 | Build | House |
| 12:35 | Create | Villager (Male) |
| 12:37 | Build | Farm |
| 12:45 | Build | Watch Tower |
| 12:54 | Build | Palisade Gate |
| 12:59 | Build | House |
| 13:02 | Create | Scout Cavalry |
| 13:07 | Build | Farm |
| 13:09 | Create | Scout Cavalry |
| 13:09 | Create | Scout Cavalry |
| 13:37 | Build | Farm |
| 13:38 | Build | Farm |
| 13:39 | Build | Farm |
| 13:40 | Create | Villager (Male) |
| 13:40 | Create | Villager (Male) |
| 13:55 | Research | Double-Bit Axe |
| 13:56 | Create | Villager (Male) |
| 14:12 | Create | Scout Cavalry |
| 14:20 | Build | House |
| 14:21 | Build | House |
| 14:28 | Build | Palisade Wall |
| 14:33 | Create | Villager (Male) |
| 14:33 | Create | Villager (Male) |
| 14:51 | Build | House |
| 15:23 | Create | Villager (Male) |
| 15:23 | Create | Villager (Male) |
| 15:31 | Create | Villager (Male) |
| 15:36 | Build | Farm |
| 15:43 | Build | Mill |
| 15:47 | Build | Mill |
| 15:48 | Build | Farm |
| 15:48 | Build | Farm |
| 15:48 | Build | Farm |
| 15:48 | Build | Farm |
| 15:49 | Build | Farm |
| 15:49 | Build | Farm |
| 16:10 | Create | Villager (Male) |
| 16:12 | Create | Scout Cavalry |
| 16:12 | Create | Scout Cavalry |
| 16:14 | Create | Villager (Male) |
| 16:14 | Create | Villager (Male) |
| 16:29 | Build | Farm |
| 16:30 | Build | Farm |
| 16:31 | Create | Villager (Male) |
| 16:50 | Create | Scout Cavalry |
| 17:05 | Create | Villager (Male) |
| 17:08 | Build | Blacksmith |
| 17:11 | Build | Mining Camp |
| 17:15 | Create | Scout Cavalry |
| 17:15 | Create | Scout Cavalry |
| 17:15 | Create | Scout Cavalry |
| 17:43 | Create | Scout Cavalry |
| 17:43 | Create | Scout Cavalry |
| 17:43 | Create | Scout Cavalry |
| 18:24 | Create | Scout Cavalry |
| 18:24 | Create | Scout Cavalry |
| 18:34 | Build | Blacksmith |
| 18:37 | Research | Scale Barding Armor |
| 18:43 | Build | Farm |
| 18:53 | Create | Scout Cavalry |
| 19:03 | Create | Villager (Male) |
| 19:04 | Create | Villager (Male) |
| 19:04 | Create | Villager (Male) |
| 19:25 | Build | Farm |
| 19:26 | Build | Farm |
| 19:26 | Build | Farm |
| 19:26 | Build | Farm |
| 19:29 | Research | Horse Collar |
| 19:30 | Create | Scout Cavalry |
| 19:30 | Create | Scout Cavalry |
| 19:53 | Create | Scout Cavalry |
| 19:53 | Create | Scout Cavalry |
| 20:00 | Build | Stable |
| 20:03 | Build | Farm |
| 20:26 | Build | Lumber Camp |
| 20:31 | Create | Villager (Male) |
| 20:42 | Build | House |
| 20:45 | Build | House |
| 20:48 | Build | Palisade Wall |
| 21:09 | Create | Villager (Male) |
| 21:10 | Create | Villager (Male) |
| 21:10 | Create | Villager (Male) |
| 21:10 | Create | Villager (Male) |
| 21:12 | Create | Scout Cavalry |
| 21:12 | Create | Scout Cavalry |
| 21:12 | Create | Scout Cavalry |
| 21:29 | Build | Mill |
Build order — CORP_ALASTOR
138 actions detected in the replay
| 0:01 | Create | Villager (Male) |
| 0:02 | Create | Villager (Male) |
| 0:02 | Create | Villager (Male) |
| 0:02 | Create | Villager (Male) |
| 0:02 | Create | Villager (Male) |
| 0:05 | Build | House |
| 0:07 | Build | House |
| 1:26 | Create | Villager (Male) |
| 1:26 | Create | Villager (Male) |
| 1:52 | Build | Settlement |
| 1:57 | Create | Villager (Male) |
| 2:30 | Create | Villager (Male) |
| 2:52 | Create | Villager (Male) |
| 2:52 | Create | Villager (Male) |
| 3:12 | Build | Settlement |
| 3:16 | Create | Villager (Male) |
| 3:43 | Create | Villager (Male) |
| 4:11 | Create | Villager (Male) |
| 4:11 | Create | Villager (Male) |
| 4:12 | Create | Villager (Male) |
| 4:58 | Create | Villager (Male) |
| 5:24 | Create | Villager (Male) |
| 5:25 | Create | Villager (Male) |
| 5:42 | Research | Loom |
| 6:36 | Research | Feudal Age |
| 7:50 | Build | Barracks |
| 8:08 | Create | Villager (Male) |
| 8:08 | Create | Villager (Male) |
| 8:37 | Create | Villager (Male) |
| 8:38 | Create | Villager (Male) |
| 8:51 | Age | Feudal Age |
| 9:06 | Build | Archery Range |
| 9:22 | Build | Settlement |
| 9:29 | Create | Villager (Male) |
| 9:36 | Create | Villager (Male) |
| 9:56 | Create | Villager (Male) |
| 10:05 | Create | Archer |
| 10:06 | Create | Archer |
| 10:13 | Build | House |
| 10:16 | Build | Palisade Wall |
| 10:29 | Create | Archer |
| 10:29 | Create | Archer |
| 10:34 | Create | Villager (Male) |
| 10:50 | Build | House |
| 10:52 | Build | House |
| 10:59 | Build | Palisade Wall |
| 11:02 | Build | Palisade Wall |
| 11:08 | Create | Villager (Male) |
| 11:16 | Create | Archer |
| 11:16 | Create | Archer |
| 11:18 | Create | Villager (Male) |
| 11:42 | Create | Archer |
| 12:02 | Build | Archery Range |
| 12:05 | Create | Villager (Male) |
| 12:08 | Build | Farm |
| 12:10 | Create | Villager (Male) |
| 12:15 | Create | Villager (Male) |
| 12:26 | Create | Archer |
| 12:47 | Create | Archer |
| 12:48 | Create | Villager (Male) |
| 12:59 | Build | Farm |
| 13:00 | Build | Farm |
| 13:15 | Create | Archer |
| 13:15 | Create | Archer |
| 13:56 | Create | Archer |
| 13:56 | Create | Archer |
| 14:01 | Build | Blacksmith |
| 14:05 | Create | Villager (Male) |
| 14:17 | Create | Archer |
| 14:25 | Build | House |
| 14:49 | Research | Fletching |
| 14:49 | Research | Padded Archer Armor |
| 14:57 | Create | Archer |
| 14:57 | Create | Archer |
| 14:59 | Create | Villager (Male) |
| 15:08 | Create | Villager (Male) |
| 15:14 | Build | Farm |
| 15:17 | Build | House |
| 15:20 | Build | House |
| 15:21 | Build | House |
| 15:30 | Create | Archer |
| 15:31 | Create | Archer |
| 15:43 | Build | Palisade Gate |
| 15:45 | Create | Villager (Male) |
| 15:47 | Build | Farm |
| 15:58 | Build | House |
| 16:11 | Create | Archer |
| 16:11 | Create | Archer |
| 16:11 | Create | Archer |
| 16:27 | Build | Farm |
| 16:29 | Build | Farm |
| 16:29 | Build | Farm |
| 16:29 | Build | Farm |
| 16:30 | Build | Farm |
| 16:30 | Build | Farm |
| 16:30 | Build | Farm |
| 16:30 | Build | Farm |
| 16:38 | Build | Farm |
| 16:39 | Create | Villager (Male) |
| 16:56 | Build | House |
| 17:06 | Create | Archer |
| 17:06 | Create | Archer |
| 17:06 | Create | Archer |
| 17:44 | Create | Villager (Male) |
| 17:49 | Build | House |
| 17:54 | Build | House |
| 17:56 | Build | House |
| 18:01 | Build | House |
| 18:04 | Create | Villager (Male) |
| 18:09 | Create | Archer |
| 18:10 | Create | Archer |
| 18:23 | Build | Farm |
| 18:37 | Build | Market |
| 18:41 | Build | Farm |
| 18:41 | Build | Farm |
| 18:42 | Build | Farm |
| 18:42 | Build | Farm |
| 18:42 | Build | Farm |
| 18:42 | Build | Farm |
| 18:43 | Build | Farm |
| 19:14 | Create | Villager (Male) |
| 19:14 | Create | Villager (Male) |
| 19:18 | Create | Archer |
| 19:18 | Create | Archer |
| 19:24 | Create | Villager (Male) |
| 19:27 | Build | Archery Range |
| 20:10 | Create | Archer |
| 20:10 | Create | Archer |
| 20:12 | Build | Farm |
| 20:17 | Build | House |
| 20:18 | Build | House |
| 20:20 | Build | House |
| 20:31 | Create | Villager (Male) |
| 20:32 | Research | Wheelbarrow |
| 20:50 | Research | Double-Bit Axe |
| 20:50 | Research | Horse Collar |
| 21:24 | Build | Farm |
| 21:36 | Build | House |
Build order — CoquiTony
115 actions detected in the replay
| 0:01 | Create | Villager (Male) |
| 0:01 | Create | Villager (Male) |
| 0:02 | Build | House |
| 0:04 | Build | House |
| 0:09 | Create | Villager (Male) |
| 0:09 | Create | Villager (Male) |
| 1:32 | Create | Villager (Male) |
| 1:57 | Build | Lumber Camp |
| 2:00 | Create | Villager (Male) |
| 2:05 | Create | Villager (Male) |
| 2:53 | Create | Villager (Male) |
| 2:53 | Create | Villager (Male) |
| 3:19 | Create | Villager (Male) |
| 3:31 | Create | Villager (Male) |
| 3:47 | Create | Villager (Male) |
| 3:50 | Build | House |
| 4:05 | Create | Villager (Male) |
| 4:41 | Create | Villager (Male) |
| 4:49 | Build | Mill |
| 5:10 | Research | Loom |
| 6:08 | Research | Feudal Age |
| 6:38 | Build | House |
| 7:28 | Build | Barracks |
| 7:32 | Build | Palisade Wall |
| 7:44 | Create | Villager (Male) |
| 8:24 | Create | Villager (Male) |
| 8:24 | Create | Villager (Male) |
| 8:26 | Age | Feudal Age |
| 8:39 | Build | Stable |
| 8:42 | Create | Villager (Male) |
| 8:48 | Research | Double-Bit Axe |
| 9:05 | Build | Palisade Wall |
| 9:11 | Create | Villager (Male) |
| 9:16 | Build | Palisade Wall |
| 9:24 | Create | Scout Cavalry |
| 9:25 | Create | Scout Cavalry |
| 9:32 | Build | House |
| 9:35 | Build | Palisade Gate |
| 9:39 | Create | Scout Cavalry |
| 9:48 | Build | Farm |
| 9:54 | Build | Palisade Wall |
| 10:07 | Create | Villager (Male) |
| 10:11 | Build | Farm |
| 10:22 | Build | Palisade Wall |
| 10:28 | Create | Villager (Male) |
| 10:30 | Create | Scout Cavalry |
| 10:37 | Build | Farm |
| 10:46 | Build | Palisade Wall |
| 11:04 | Create | Scout Cavalry |
| 11:09 | Build | Farm |
| 11:11 | Build | Farm |
| 11:21 | Create | Villager (Male) |
| 11:38 | Create | Villager (Male) |
| 11:49 | Build | Farm |
| 11:51 | Build | Farm |
| 11:55 | Create | Scout Cavalry |
| 11:58 | Build | House |
| 12:25 | Create | Scout Cavalry |
| 12:28 | Create | Villager (Male) |
| 12:33 | Build | Farm |
| 12:34 | Build | Farm |
| 12:34 | Create | Villager (Male) |
| 12:49 | Create | Scout Cavalry |
| 12:53 | Build | Farm |
| 13:03 | Create | Villager (Male) |
| 13:13 | Create | Villager (Male) |
| 13:25 | Create | Spearman |
| 13:28 | Create | Villager (Male) |
| 13:31 | Build | House |
| 13:38 | Build | House |
| 13:55 | Create | Scout Cavalry |
| 13:57 | Create | Villager (Male) |
| 14:00 | Build | House |
| 14:04 | Build | Farm |
| 14:06 | Build | Farm |
| 14:19 | Create | Villager (Male) |
| 14:21 | Build | House |
| 14:27 | Create | Villager (Male) |
| 14:34 | Create | Villager (Male) |
| 14:36 | Build | Farm |
| 14:53 | Create | Villager (Male) |
| 14:55 | Build | Farm |
| 15:02 | Create | Villager (Male) |
| 15:12 | Create | Scout Cavalry |
| 15:26 | Create | Villager (Male) |
| 15:41 | Create | Villager (Male) |
| 15:50 | Create | Villager (Male) |
| 15:52 | Build | Blacksmith |
| 16:03 | Create | Villager (Male) |
| 16:09 | Create | Scout Cavalry |
| 16:23 | Build | Mining Camp |
| 16:29 | Create | Villager (Male) |
| 16:42 | Research | Scale Barding Armor |
| 16:48 | Create | Villager (Male) |
| 17:16 | Create | Villager (Male) |
| 17:20 | Research | Wheelbarrow |
| 17:24 | Build | Lumber Camp |
| 17:39 | Build | House |
| 17:57 | Build | Farm |
| 18:39 | Build | Market |
| 19:07 | Create | Villager (Male) |
| 19:16 | Build | Watch Tower |
| 19:19 | Build | House |
| 19:43 | Research | Castle Age |
| 19:43 | Research | Castle Age |
| 19:51 | Build | Lumber Camp |
| 20:09 | Build | House |
| 20:12 | Build | House |
| 20:28 | Build | Palisade Wall |
| 20:32 | Build | House |
| 20:46 | Build | House |
| 21:08 | Build | Stable |
| 21:29 | Research | Forging |
| 21:36 | Build | House |
| 21:38 | Build | Palisade Wall |
Build order — Miguel T
125 actions detected in the replay
| 0:00 | Create | Villager (Male) |
| 0:01 | Create | Villager (Male) |
| 0:02 | Build | House |
| 0:03 | Build | House |
| 0:14 | Create | Villager (Male) |
| 0:14 | Create | Villager (Male) |
| 1:27 | Create | Villager (Male) |
| 1:27 | Create | Villager (Male) |
| 1:48 | Build | Lumber Camp |
| 1:51 | Create | Villager (Male) |
| 1:51 | Create | Villager (Male) |
| 2:14 | Create | Villager (Male) |
| 2:14 | Create | Villager (Male) |
| 2:39 | Create | Villager (Male) |
| 3:03 | Create | Villager (Male) |
| 3:03 | Create | Villager (Male) |
| 3:17 | Create | Villager (Male) |
| 3:43 | Build | House |
| 3:44 | Build | House |
| 3:54 | Create | Villager (Male) |
| 3:54 | Create | Villager (Male) |
| 4:33 | Build | Mill |
| 4:39 | Create | Villager (Male) |
| 4:41 | Build | House |
| 4:56 | Create | Villager (Male) |
| 5:44 | Create | Villager (Male) |
| 6:05 | Research | Loom |
| 6:42 | Research | Feudal Age |
| 7:16 | Create | Villager (Male) |
| 7:18 | Build | Barracks |
| 8:52 | Age | Feudal Age |
| 8:55 | Build | Stable |
| 8:57 | Research | Horse Collar |
| 8:59 | Create | Villager (Male) |
| 9:00 | Create | Villager (Male) |
| 9:01 | Research | Double-Bit Axe |
| 9:24 | Build | Farm |
| 9:40 | Build | Farm |
| 9:41 | Create | Scout Cavalry |
| 9:41 | Create | Scout Cavalry |
| 9:59 | Build | Farm |
| 10:00 | Create | Villager (Male) |
| 10:04 | Build | House |
| 10:07 | Build | Palisade Wall |
| 10:10 | Build | Palisade Wall |
| 10:23 | Create | Villager (Male) |
| 10:25 | Build | Farm |
| 10:37 | Create | Villager (Male) |
| 10:46 | Build | Farm |
| 11:00 | Create | Villager (Male) |
| 11:03 | Build | Farm |
| 11:19 | Create | Scout Cavalry |
| 11:22 | Build | House |
| 11:23 | Build | Palisade Wall |
| 11:30 | Build | Farm |
| 11:33 | Create | Scout Cavalry |
| 11:54 | Create | Villager (Male) |
| 11:54 | Create | Villager (Male) |
| 11:57 | Build | Farm |
| 12:09 | Create | Villager (Male) |
| 12:11 | Build | Farm |
| 12:19 | Create | Scout Cavalry |
| 12:23 | Build | Farm |
| 12:28 | Create | Villager (Male) |
| 12:32 | Build | House |
| 12:33 | Build | House |
| 12:46 | Create | Scout Cavalry |
| 12:49 | Create | Villager (Male) |
| 12:49 | Create | Villager (Male) |
| 12:52 | Build | Farm |
| 13:00 | Build | Farm |
| 13:10 | Build | Palisade Wall |
| 13:14 | Create | Scout Cavalry |
| 13:18 | Create | Villager (Male) |
| 13:33 | Create | Scout Cavalry |
| 13:44 | Create | Villager (Male) |
| 13:46 | Build | Farm |
| 14:00 | Create | Villager (Male) |
| 14:12 | Create | Scout Cavalry |
| 14:13 | Create | Villager (Male) |
| 14:35 | Create | Scout Cavalry |
| 14:35 | Create | Villager (Male) |
| 14:49 | Create | Scout Cavalry |
| 14:50 | Create | Villager (Male) |
| 15:02 | Build | House |
| 15:05 | Build | Farm |
| 15:09 | Create | Scout Cavalry |
| 15:12 | Build | Farm |
| 15:13 | Build | Farm |
| 15:15 | Build | Farm |
| 15:24 | Create | Scout Cavalry |
| 15:25 | Create | Villager (Male) |
| 15:46 | Create | Scout Cavalry |
| 15:47 | Create | Villager (Male) |
| 16:02 | Create | Scout Cavalry |
| 16:02 | Create | Villager (Male) |
| 16:21 | Create | Scout Cavalry |
| 16:33 | Create | Villager (Male) |
| 16:35 | Build | Farm |
| 16:38 | Build | Mining Camp |
| 17:06 | Create | Villager (Male) |
| 17:09 | Build | Lumber Camp |
| 17:11 | Build | Farm |
| 17:13 | Build | Farm |
| 17:44 | Create | Villager (Male) |
| 17:49 | Create | Villager (Male) |
| 17:51 | Build | Blacksmith |
| 17:53 | Create | Scout Cavalry |
| 18:17 | Create | Scout Cavalry |
| 18:19 | Create | Villager (Male) |
| 18:23 | Build | House |
| 18:23 | Build | House |
| 18:24 | Build | House |
| 19:30 | Research | Castle Age |
| 19:42 | Build | Mill |
| 19:42 | Build | Farm |
| 19:42 | Build | Farm |
| 19:43 | Build | Farm |
| 19:43 | Build | Farm |
| 19:57 | Build | House |
| 20:04 | Research | Scale Barding Armor |
| 20:04 | Research | Forging |
| 20:17 | Build | Farm |
| 20:23 | Build | Stable |
| 20:55 | Research | Gold Mining |
Build order — CORP_EuSanAoE
121 actions detected in the replay
| 0:00 | Create | Villager (Male) |
| 0:01 | Create | Villager (Male) |
| 0:02 | Build | House |
| 0:03 | Build | House |
| 0:06 | Build | House |
| 0:22 | Create | Villager (Male) |
| 0:42 | Create | Villager (Male) |
| 1:12 | Create | Villager (Male) |
| 1:48 | Create | Villager (Male) |
| 1:48 | Create | Villager (Male) |
| 2:06 | Create | Villager (Male) |
| 2:21 | Build | Lumber Camp |
| 2:33 | Create | Villager (Male) |
| 3:00 | Create | Villager (Male) |
| 3:12 | Create | Villager (Male) |
| 3:29 | Create | Villager (Male) |
| 3:49 | Build | House |
| 3:53 | Create | Villager (Male) |
| 4:26 | Create | Villager (Male) |
| 4:49 | Create | Villager (Male) |
| 4:57 | Create | Villager (Male) |
| 5:11 | Build | Mill |
| 5:19 | Build | Mill |
| 5:22 | Create | Villager (Male) |
| 5:57 | Create | Villager (Male) |
| 6:02 | Research | Loom |
| 6:48 | Create | Villager (Male) |
| 6:52 | Research | Feudal Age |
| 7:06 | Build | Barracks |
| 7:48 | Build | House |
| 7:51 | Build | Palisade Wall |
| 7:57 | Create | Villager (Male) |
| 8:04 | Build | Palisade Wall |
| 8:29 | Create | Villager (Male) |
| 8:59 | Create | Villager (Male) |
| 9:02 | Age | Feudal Age |
| 9:05 | Build | Stable |
| 9:06 | Research | Double-Bit Axe |
| 9:06 | Research | Double-Bit Axe |
| 9:07 | Create | Villager (Male) |
| 9:12 | Create | Villager (Male) |
| 9:26 | Build | Farm |
| 9:31 | Build | Farm |
| 9:42 | Build | Palisade Wall |
| 9:49 | Create | Scout Cavalry |
| 9:50 | Create | Scout Cavalry |
| 9:52 | Build | House |
| 9:53 | Build | Palisade Wall |
| 9:57 | Build | Palisade Wall |
| 10:04 | Create | Scout Cavalry |
| 10:21 | Build | Farm |
| 10:24 | Build | Farm |
| 10:36 | Build | Palisade Wall |
| 10:48 | Create | Villager (Male) |
| 10:56 | Create | Scout Cavalry |
| 11:20 | Build | Farm |
| 11:22 | Build | Farm |
| 11:31 | Create | Scout Cavalry |
| 11:47 | Build | Palisade Wall |
| 11:49 | Create | Villager (Male) |
| 11:49 | Create | Villager (Male) |
| 11:51 | Build | Farm |
| 11:56 | Create | Villager (Male) |
| 12:10 | Build | Blacksmith |
| 12:20 | Build | House |
| 12:28 | Build | Farm |
| 12:30 | Build | Farm |
| 12:35 | Research | Horse Collar |
| 12:45 | Build | Farm |
| 12:58 | Build | House |
| 13:05 | Create | Scout Cavalry |
| 13:06 | Create | Scout Cavalry |
| 13:07 | Create | Villager (Male) |
| 13:09 | Build | Farm |
| 13:39 | Create | Scout Cavalry |
| 13:39 | Create | Scout Cavalry |
| 13:39 | Create | Scout Cavalry |
| 13:42 | Create | Villager (Male) |
| 13:56 | Create | Villager (Male) |
| 14:04 | Research | Scale Barding Armor |
| 14:09 | Build | Farm |
| 14:10 | Build | Farm |
| 14:11 | Build | Farm |
| 14:13 | Build | Farm |
| 14:14 | Build | Farm |
| 14:37 | Create | Scout Cavalry |
| 14:37 | Create | Scout Cavalry |
| 14:49 | Create | Villager (Male) |
| 14:52 | Build | Mining Camp |
| 15:02 | Create | Villager (Male) |
| 15:17 | Create | Villager (Male) |
| 15:24 | Build | House |
| 15:46 | Create | Villager (Male) |
| 15:46 | Create | Villager (Male) |
| 16:20 | Build | Farm |
| 16:22 | Build | Farm |
| 16:25 | Build | Farm |
| 16:55 | Create | Villager (Male) |
| 16:58 | Build | Market |
| 17:26 | Build | Market |
| 17:29 | Build | House |
| 17:49 | Build | Palisade Wall |
| 18:10 | Research | Castle Age |
| 18:15 | Build | Stable |
| 18:45 | Research | Gold Mining |
| 19:10 | Build | Palisade Gate |
| 19:20 | Research | Forging |
| 19:26 | Research | Bloodlines |
| 19:26 | Research | Bloodlines |
| 19:32 | Create | Villager (Male) |
| 19:56 | Build | Stable |
| 20:21 | Build | Farm |
| 20:40 | Create | Villager (Male) |
| 20:50 | Age | Castle Age |
| 20:50 | Research | Chain Barding Armor |
| 20:52 | Create | Knight |
| 20:54 | Create | Villager (Male) |
| 21:12 | Build | Town Center |
| 21:17 | Create | Villager (Male) |
| 21:18 | Build | Farm |
| 21:28 | Create | Knight |
Build order — LE | WilliamS
99 actions detected in the replay
| 0:01 | Create | Villager (Male) |
| 0:01 | Create | Villager (Male) |
| 0:02 | Create | Villager (Male) |
| 0:03 | Build | House |
| 0:04 | Build | House |
| 0:06 | Create | Villager (Male) |
| 1:13 | Create | Villager (Male) |
| 1:13 | Create | Villager (Male) |
| 1:51 | Create | Villager (Male) |
| 1:55 | Build | Settlement |
| 2:11 | Create | Villager (Male) |
| 2:11 | Create | Villager (Male) |
| 2:47 | Create | Villager (Male) |
| 2:59 | Create | Villager (Male) |
| 3:37 | Create | Villager (Male) |
| 3:59 | Create | Villager (Male) |
| 4:21 | Create | Villager (Male) |
| 4:21 | Create | Villager (Male) |
| 4:34 | Create | Villager (Male) |
| 5:11 | Build | Settlement |
| 5:18 | Create | Villager (Male) |
| 5:27 | Create | Villager (Male) |
| 5:48 | Create | Villager (Male) |
| 6:09 | Create | Villager (Male) |
| 6:35 | Create | Villager (Male) |
| 7:45 | Research | Feudal Age |
| 9:07 | Research | Loom |
| 9:09 | Create | Villager (Male) |
| 10:06 | Age | Feudal Age |
| 10:08 | Build | Market |
| 10:11 | Build | Blacksmith |
| 10:34 | Research | Double-Bit Axe |
| 10:46 | Build | Barracks |
| 11:00 | Research | Castle Age |
| 11:07 | Build | House |
| 11:36 | Research | Horse Collar |
| 11:36 | Research | Horse Collar |
| 11:56 | Build | Farm |
| 11:57 | Build | Farm |
| 12:08 | Create | Unit 2550 |
| 12:27 | Build | Farm |
| 12:36 | Build | Farm |
| 12:47 | Build | Farm |
| 12:58 | Create | Villager (Male) |
| 13:02 | Build | Farm |
| 13:14 | Build | Farm |
| 13:17 | Create | Unit 2550 |
| 13:22 | Build | Farm |
| 13:40 | Age | Castle Age |
| 13:44 | Build | Farm |
| 13:46 | Build | Farm |
| 13:50 | Build | Farm |
| 13:56 | Build | Palisade Wall |
| 13:57 | Build | Palisade Wall |
| 14:01 | Build | House |
| 14:05 | Build | Palisade Wall |
| 14:07 | Create | Villager (Male) |
| 14:26 | Research | Tech 1402 |
| 14:27 | Create | Villager (Male) |
| 14:39 | Build | Farm |
| 14:40 | Build | Farm |
| 14:41 | Create | Villager (Male) |
| 14:42 | Build | Palisade Wall |
| 14:54 | Create | Villager (Male) |
| 14:54 | Create | Villager (Male) |
| 15:02 | Create | Unit 2586 |
| 15:21 | Create | Villager (Male) |
| 15:31 | Create | Villager (Male) |
| 15:41 | Build | Barracks |
| 15:55 | Create | Villager (Male) |
| 16:11 | Build | Farm |
| 16:14 | Build | Farm |
| 16:46 | Build | Farm |
| 16:56 | Create | Villager (Male) |
| 17:19 | Research | Tech 1351 |
| 17:37 | Create | Villager (Male) |
| 17:45 | Create | Villager (Male) |
| 18:11 | Create | Villager (Male) |
| 18:28 | Create | Villager (Male) |
| 18:33 | Create | Unit 2550 |
| 18:47 | Research | Scale Mail Armor |
| 19:10 | Create | Unit 2550 |
| 19:10 | Create | Unit 2550 |
| 19:14 | Create | Villager (Male) |
| 19:34 | Create | Unit 2550 |
| 19:46 | Create | Villager (Male) |
| 19:46 | Create | Villager (Male) |
| 20:00 | Create | Villager (Male) |
| 20:01 | Create | Villager (Male) |
| 20:11 | Create | Villager (Male) |
| 20:11 | Create | Villager (Male) |
| 20:15 | Create | Unit 2550 |
| 20:21 | Create | Villager (Male) |
| 20:25 | Create | Unit 2550 |
| 20:25 | Create | Unit 2550 |
| 20:38 | Create | Villager (Male) |
| 20:51 | Create | Villager (Male) |
| 20:51 | Create | Villager (Male) |
| 21:13 | Research | Squires |
Build order — NHL
116 actions detected in the replay
| 0:02 | Create | Villager (Male) |
| 0:02 | Create | Villager (Male) |
| 0:03 | Build | House |
| 0:04 | Build | House |
| 0:09 | Create | Villager (Male) |
| 0:09 | Create | Villager (Male) |
| 1:32 | Create | Villager (Male) |
| 2:00 | Create | Villager (Male) |
| 2:03 | Build | Lumber Camp |
| 2:19 | Create | Villager (Male) |
| 2:49 | Create | Villager (Male) |
| 3:04 | Create | Villager (Male) |
| 3:26 | Build | House |
| 3:43 | Create | Villager (Male) |
| 3:43 | Create | Villager (Male) |
| 4:21 | Create | Villager (Male) |
| 4:47 | Create | Villager (Male) |
| 4:48 | Create | Villager (Male) |
| 5:30 | Create | Villager (Male) |
| 5:39 | Build | Mining Camp |
| 6:16 | Research | Loom |
| 6:52 | Research | Feudal Age |
| 7:17 | Build | House |
| 7:18 | Build | Barracks |
| 7:39 | Build | Palisade Wall |
| 7:48 | Build | Palisade Wall |
| 7:50 | Build | Palisade Wall |
| 8:28 | Build | House |
| 8:29 | Build | Palisade Wall |
| 8:58 | Build | Palisade Wall |
| 9:02 | Age | Feudal Age |
| 9:06 | Build | Archery Range |
| 9:11 | Create | Villager (Male) |
| 9:12 | Research | Double-Bit Axe |
| 9:36 | Create | Villager (Male) |
| 9:43 | Build | Archery Range |
| 9:55 | Create | Archer |
| 10:12 | Build | Palisade Wall |
| 10:19 | Build | Palisade Wall |
| 10:32 | Create | Archer |
| 10:41 | Build | House |
| 11:04 | Create | Villager (Male) |
| 11:08 | Build | Mill |
| 11:10 | Create | Archer |
| 11:11 | Create | Archer |
| 11:34 | Create | Villager (Male) |
| 11:45 | Build | Farm |
| 11:45 | Build | Farm |
| 11:45 | Build | Farm |
| 11:46 | Build | Farm |
| 11:47 | Create | Archer |
| 11:48 | Create | Villager (Male) |
| 12:06 | Create | Archer |
| 12:27 | Create | Villager (Male) |
| 12:34 | Create | Archer |
| 13:00 | Create | Villager (Male) |
| 13:03 | Build | Blacksmith |
| 13:07 | Create | Archer |
| 13:36 | Create | Villager (Male) |
| 13:53 | Create | Archer |
| 13:53 | Create | Villager (Male) |
| 13:56 | Build | House |
| 14:03 | Research | Fletching |
| 14:06 | Create | Villager (Male) |
| 14:07 | Create | Villager (Male) |
| 14:11 | Build | Farm |
| 14:16 | Build | House |
| 14:16 | Build | House |
| 14:29 | Create | Archer |
| 14:29 | Create | Archer |
| 14:29 | Create | Villager (Male) |
| 14:56 | Create | Archer |
| 14:57 | Create | Villager (Male) |
| 14:57 | Create | Villager (Male) |
| 15:15 | Create | Villager (Male) |
| 15:20 | Create | Archer |
| 15:21 | Create | Villager (Male) |
| 15:39 | Build | Market |
| 15:43 | Build | House |
| 15:45 | Create | Villager (Male) |
| 15:51 | Create | Archer |
| 15:52 | Create | Villager (Male) |
| 16:28 | Create | Archer ×2 |
| 16:29 | Create | Villager (Male) |
| 16:58 | Create | Archer ×2 |
| 16:59 | Create | Villager (Male) |
| 17:17 | Build | Farm |
| 17:19 | Build | Farm |
| 17:21 | Create | Villager (Male) |
| 17:23 | Create | Archer |
| 17:23 | Create | Archer |
| 18:18 | Build | Lumber Camp |
| 18:21 | Build | Farm |
| 18:22 | Build | Farm |
| 18:31 | Research | Castle Age |
| 19:08 | Create | Villager (Male) |
| 19:13 | Create | Villager (Male) |
| 19:19 | Create | Archer |
| 19:20 | Create | Archer |
| 19:22 | Create | Archer |
| 19:22 | Create | Archer |
| 19:33 | Build | House |
| 19:36 | Build | House |
| 19:48 | Create | Villager (Male) |
| 19:57 | Build | Farm |
| 19:59 | Create | Archer |
| 20:00 | Create | Archer |
| 20:03 | Research | Gold Mining |
| 20:37 | Create | Archer |
| 20:38 | Create | Archer |
| 20:45 | Build | House |
| 21:00 | Build | House |
| 21:01 | Build | House |
| 21:11 | Age | Castle Age |
| 21:13 | Build | Palisade Wall |
| 21:17 | Research | Crossbowman (upgrade) |
Build order — CORP_ Zata
First 150 of 152 actions detected
| 0:00 | Create | Villager (Male) |
| 0:01 | Create | Villager (Male) |
| 0:02 | Build | House |
| 0:03 | Build | House |
| 0:11 | Create | Villager (Male) |
| 0:12 | Create | Villager (Male) |
| 0:12 | Create | Villager (Male) |
| 1:26 | Create | Villager (Male) |
| 1:26 | Create | Villager (Male) |
| 2:00 | Create | Villager (Male) |
| 2:00 | Create | Villager (Male) |
| 2:02 | Build | Lumber Camp |
| 2:24 | Create | Villager (Male) |
| 2:53 | Create | Villager (Male) |
| 2:53 | Create | Villager (Male) |
| 2:54 | Create | Villager (Male) |
| 3:09 | Create | Villager (Male) |
| 3:09 | Create | Villager (Male) |
| 3:26 | Create | Villager (Male) |
| 3:41 | Build | House |
| 3:47 | Create | Villager (Male) |
| 3:47 | Create | Villager (Male) |
| 4:01 | Build | Palisade Wall |
| 4:12 | Build | Palisade Wall |
| 4:27 | Create | Villager (Male) |
| 4:42 | Create | Villager (Male) |
| 4:48 | Build | Mining Camp |
| 4:50 | Create | Villager (Male) |
| 5:03 | Create | Villager (Male) |
| 5:42 | Research | Loom |
| 6:34 | Research | Feudal Age |
| 6:35 | Research | Feudal Age |
| 6:35 | Research | Feudal Age |
| 7:52 | Build | Barracks |
| 7:54 | Build | House |
| 8:16 | Create | Villager (Male) |
| 8:30 | Create | Villager (Male) |
| 8:51 | Age | Feudal Age |
| 8:53 | Create | Villager (Male) |
| 9:10 | Build | Archery Range |
| 9:12 | Create | Villager (Male) |
| 9:16 | Build | Archery Range |
| 9:25 | Build | House |
| 9:32 | Create | Villager (Male) |
| 9:45 | Build | House |
| 9:48 | Build | Palisade Wall |
| 9:49 | Create | Villager (Male) |
| 9:51 | Build | Palisade Gate |
| 10:13 | Create | Archer |
| 10:14 | Create | Archer |
| 10:22 | Build | Palisade Wall |
| 10:25 | Build | Palisade Wall |
| 10:29 | Create | Villager (Male) |
| 10:39 | Create | Archer |
| 10:39 | Create | Archer |
| 10:49 | Build | House |
| 10:58 | Create | Villager (Male) |
| 11:01 | Create | Archer |
| 11:01 | Create | Archer |
| 11:04 | Build | Palisade Wall |
| 11:12 | Create | Archer |
| 11:13 | Create | Archer |
| 11:37 | Create | Villager (Male) |
| 11:38 | Create | Archer |
| 11:38 | Create | Archer |
| 11:43 | Build | Mill |
| 11:57 | Create | Archer |
| 11:57 | Create | Archer |
| 12:14 | Build | House |
| 12:16 | Build | Palisade Wall |
| 12:19 | Create | Villager (Male) |
| 12:26 | Create | Archer |
| 12:26 | Create | Archer |
| 12:43 | Create | Villager (Male) |
| 12:49 | Build | Blacksmith |
| 13:08 | Create | Villager (Male) |
| 13:11 | Build | Farm |
| 13:15 | Build | Farm |
| 13:28 | Create | Archer |
| 13:28 | Create | Archer |
| 13:42 | Research | Fletching |
| 13:42 | Research | Fletching |
| 13:43 | Research | Fletching |
| 13:53 | Create | Archer |
| 13:53 | Create | Archer |
| 13:57 | Create | Villager (Male) |
| 13:58 | Create | Villager (Male) |
| 14:08 | Create | Archer |
| 14:08 | Create | Archer |
| 14:19 | Create | Villager (Male) |
| 14:22 | Build | Farm |
| 14:27 | Build | Farm |
| 14:29 | Build | House |
| 14:31 | Build | House |
| 14:43 | Create | Archer |
| 14:44 | Create | Archer |
| 14:53 | Create | Villager (Male) |
| 14:56 | Build | Farm |
| 15:10 | Create | Archer |
| 15:10 | Create | Archer |
| 15:13 | Create | Villager (Male) |
| 15:14 | Build | Farm |
| 15:21 | Create | Villager (Male) |
| 15:23 | Create | Archer |
| 15:23 | Create | Archer |
| 15:33 | Build | House |
| 15:38 | Build | House |
| 15:38 | Build | House |
| 15:45 | Create | Villager (Male) |
| 15:57 | Create | Archer |
| 15:57 | Create | Archer |
| 16:08 | Create | Villager (Male) |
| 16:14 | Build | Farm |
| 16:15 | Build | Farm |
| 16:18 | Create | Villager (Male) |
| 16:19 | Create | Archer |
| 16:23 | Create | Villager (Male) |
| 16:37 | Create | Archer |
| 16:37 | Create | Archer |
| 17:04 | Create | Archer |
| 17:05 | Create | Archer |
| 17:07 | Create | Villager (Male) |
| 17:07 | Create | Villager (Male) |
| 17:08 | Build | Farm |
| 17:10 | Build | Farm |
| 17:30 | Create | Villager (Male) |
| 17:37 | Create | Archer |
| 17:37 | Create | Archer |
| 17:38 | Build | Farm |
| 17:49 | Create | Villager (Male) |
| 17:51 | Build | Farm |
| 18:07 | Create | Villager (Male) |
| 18:13 | Build | Farm |
| 18:15 | Build | Farm |
| 18:16 | Build | Farm |
| 18:37 | Create | Archer |
| 18:37 | Create | Archer |
| 18:42 | Create | Villager (Male) |
| 18:44 | Build | Farm |
| 18:44 | Build | Farm |
| 19:05 | Create | Villager (Male) |
| 19:32 | Research | Padded Archer Armor |
| 19:34 | Build | House |
| 19:42 | Research | Castle Age |
| 19:43 | Research | Castle Age |
| 19:43 | Research | Castle Age |
| 19:46 | Build | Palisade Wall |
| 20:06 | Build | Lumber Camp |
| 21:02 | Research | Gold Mining |
| 21:03 | Research | Horse Collar |
Match timeline
| 4:01 | CORP_ Zata · wall_segment Palisade Wall x2 |
| 4:12 | CORP_ Zata · wall_segment Palisade Wall x1 |
| 7:06 | CORP_EuSanAoE · first_building Barracks |
| 7:18 | Miguel T · first_building Barracks |
| 7:18 | NHL · first_building Barracks |
| 7:28 | CoquiTony · first_building Barracks |
| 7:32 | CoquiTony · wall_segment Palisade Wall x1 |
| 7:39 | NHL · wall_segment Palisade Wall x10 |
| 7:46 | tripl3 · first_building Barracks |
| 7:48 | NHL · wall_segment Palisade Wall x4 |
| 7:50 | CORP_ALASTOR · first_building Barracks |
| 7:50 | NHL · wall_segment Palisade Wall x3 |
| 7:51 | CORP_EuSanAoE · wall_segment Palisade Wall x11 |
| 7:52 | CORP_ Zata · first_building Barracks |
| 8:04 | CORP_EuSanAoE · wall_segment Palisade Wall x8 |
| 8:26 | CoquiTony · age_up feudal |
| 8:27 | tripl3 · age_up feudal |
| 8:29 | NHL · wall_segment Palisade Wall x4 |
| 8:39 | CoquiTony · first_building Stable |
| 8:48 | tripl3 · first_building Stable |
| 8:51 | CORP_ Zata · age_up feudal |
| 8:51 | CORP_ALASTOR · age_up feudal |
| 8:52 | Miguel T · age_up feudal |
| 8:55 | Miguel T · first_building Stable |
| 8:58 | NHL · wall_segment Palisade Wall x9 |
| 9:02 | NHL · age_up feudal |
| 9:02 | CORP_EuSanAoE · age_up feudal |
| 9:05 | CoquiTony · wall_segment Palisade Wall x11 |
| 9:05 | CORP_EuSanAoE · first_building Stable |
| 9:06 | CORP_ALASTOR · first_building Archery Range |
| 9:06 | NHL · first_building Archery Range |
| 9:10 | CORP_ Zata · first_building Archery Range |
| 9:16 | CoquiTony · wall_segment Palisade Wall x2 |
| 9:42 | CORP_EuSanAoE · wall_segment Palisade Wall x10 |
| 9:48 | CORP_ Zata · wall_segment Palisade Wall x8 |
| 9:53 | CORP_EuSanAoE · wall_segment Palisade Wall x4 |
| 9:54 | CoquiTony · wall_segment Palisade Wall x18 |
| 9:57 | CORP_EuSanAoE · wall_segment Palisade Wall x14 |
| 10:03 | tripl3 · wall_segment Palisade Wall x6 |
| 10:06 | LE | WilliamS · age_up feudal |
| 10:07 | Miguel T · wall_segment Palisade Wall x6 |
| 10:10 | Miguel T · wall_segment Palisade Wall x6 |
| 10:12 | NHL · wall_segment Palisade Wall x8 |
| 10:16 | CORP_ALASTOR · wall_segment Palisade Wall x9 |
| 10:19 | tripl3 · wall_segment Palisade Wall x5 |
| 10:19 | tripl3 · wall_segment Palisade Wall x1 |
| 10:19 | NHL · wall_segment Palisade Wall x7 |
| 10:22 | CORP_ Zata · wall_segment Palisade Wall x4 |
| 10:22 | CoquiTony · wall_segment Palisade Wall x6 |
| 10:25 | CORP_ Zata · wall_segment Palisade Wall x8 |
| 10:36 | CORP_EuSanAoE · wall_segment Palisade Wall x17 |
| 10:40 | tripl3 · wall_segment Palisade Wall x2 |
| 10:46 | LE | WilliamS · first_building Barracks |
| 10:46 | CoquiTony · wall_segment Palisade Wall x1 |
| 10:59 | CORP_ALASTOR · wall_segment Palisade Wall x1 |
| 11:02 | CORP_ALASTOR · wall_segment Palisade Wall x6 |
| 11:04 | CORP_ Zata · wall_segment Palisade Wall x11 |
| 11:08 | tripl3 · wall_segment Palisade Wall x1 |
| 11:22 | tripl3 · wall_segment Palisade Wall x7 |
| 11:23 | Miguel T · wall_segment Palisade Wall x5 |
| 11:47 | CORP_EuSanAoE · wall_segment Palisade Wall x1 |
| 12:16 | CORP_ Zata · wall_segment Palisade Wall x1 |
| 13:10 | Miguel T · wall_segment Palisade Wall x19 |
| 13:40 | LE | WilliamS · age_up castle |
| 13:56 | LE | WilliamS · wall_segment Palisade Wall x1 |
| 13:57 | LE | WilliamS · wall_segment Palisade Wall x1 |
| 14:05 | LE | WilliamS · wall_segment Palisade Wall x2 |
| 14:28 | tripl3 · wall_segment Palisade Wall x1 |
| 14:42 | LE | WilliamS · wall_segment Palisade Wall x1 |
| 17:11 | LE | WilliamS · first_market_sell 100 wood |
| 17:30 | NHL · first_market_sell 100 stone |
| 17:49 | CORP_EuSanAoE · wall_segment Palisade Wall x7 |
| 18:26 | NHL · first_market_buy 100 food |
| 19:46 | CORP_ Zata · wall_segment Palisade Wall x1 |
| 20:28 | CoquiTony · wall_segment Palisade Wall x1 |
| 20:40 | CoquiTony · first_market_buy 100 wood |
| 20:48 | tripl3 · wall_segment Palisade Wall x1 |
| 20:50 | CORP_EuSanAoE · age_up castle |
| 21:11 | NHL · age_up castle |
| 21:13 | NHL · wall_segment Palisade Wall x7 |
| 21:34 | LE | WilliamS · resign |
| 21:38 | CoquiTony · wall_segment Palisade Wall x1 |
[ AI ANALYSIS · 1 CREDIT ]
What really happened in this match?
Wolo.gg analyzes every decision: build order, eco, micro, common mistakes by bracket. Personalized analysis on WhatsApp or Discord in 30 seconds.
Civ guide
Magyars
Perfil
Jugador #5720421